 Dungeon Crawl Stone Soup version 0.25-a0-292-gaa31f046c4 (webtiles) character file.

Game seed: 44986593711123869, levelgen mode: classic

9151 Borgoz the Slicer (level 11, 0/114 HPs)
             Began as a Halfling Fighter on Dec 15, 2019.
             Was a Believer of Ashenzari.
             Slain by Nessos (10 damage)
             ... on level 12 of the Dungeon.
             The game lasted 00:17:14 (12550 turns).

Borgoz the Slicer (Halfling Fighter)               Turns: 12550, Time: 00:17:15

Health: 0/114      AC: 14    Str: 29    XL:     11   Next: 69%
Magic:  11/11      EV: 19    Int:  6    God:    Ashenzari [**....]
Gold:   626        SH: 14    Dex: 21    Spells: 10/10 levels left

rFire    . . .     SeeInvis .   b - +12 Vampire's Tooth {vamp} (curse)
rCold    . . .     Gourm    .   c - +0 shield
rNeg     . . .     Faith    .   C - +0 scale mail
rPois    +         Spirit   .   l - +2 helmet
rElec    .         Reflect  .   i - +1 cloak {rPois}
rCorr    .         Harm     .   (no gloves)
MR       .....                  (no boots)
Stlth    ..........             (no amulet)
HPRegen  0.29/turn              v - +6 ring of strength
MPRegen  0.12/turn              n - +4 ring of dexterity

@: berserking, very slightly contaminated, invisible, very quick
A: small, mutation resistance 1
a: Curse Item, Scrying, Renounce Religion


You were on level 12 of the Dungeon.
You worshipped Ashenzari.
Ashenzari was pleased with you.
You were not hungry.

You visited 2 branches of the dungeon, and saw 13 of its levels.

You collected 626 gold pieces.

Inventory:

Hand Weapons
 a - a +0 rapier
 b - the cursed +12 Vampire's Tooth (weapon) {vamp}
   (You acquired it on level 11 of the Dungeon)

   It inflicts no extra harm, but heals its wielder when it wounds a living foe.
   It has a curse placed upon it.
 J - a +0 double sword
Missiles
 r - 2 throwing nets (quivered)
Armour
 c - a +0 shield (worn)
 i - a +1 cloak of poison resistance (worn)
 l - a +2 helmet (worn)
 C - a +0 scale mail (worn)
Jewellery
 m - an uncursed ring of protection from fire
 n - a +4 ring of dexterity (right hand)
 v - a +6 ring of strength (left hand)
 w - an uncursed ring of protection from fire
 B - an uncursed ring of resist corrosion
Wands
 x - a wand of paralysis (3)
 D - a wand of flame (21)
Scrolls
 d - 3 scrolls of identify
 g - 6 scrolls of teleportation
 h - 3 scrolls of magic mapping
 o - 4 scrolls of amnesia
 p - 2 scrolls of immolation
 q - 2 scrolls of enchant weapon
 s - 5 scrolls of remove curse
 t - 2 scrolls of blinking
 y - 2 scrolls of fear
 I - a scroll of holy word {unknown}
 K - a scroll of enchant armour {unknown}
Potions
 e - 3 potions of flight
 j - a potion of haste
 k - a potion of invisibility
 u - 4 potions of mutation
 z - a potion of might
 F - a potion of resistance
Comestibles
 f - 24 rations
 G - 10 chunks of flesh


   Skills:
 + Level 7.7 Fighting
 + Level 9.6(11.8) Short Blades
 + Level 9.3 Armour
 + Level 8.6 Dodging
 + Level 9.2 Shields


You had 10 spell levels left.
You didn't know any spells.
Your spell library was empty.

Dungeon Overview and Level Annotations

Branches:
Dungeon (12/15)            Temple (1/1) D:7            Lair (0/6) D:11
    Orc (0/2) D:9

Altars:
Ashenzari
Cheibriados
Dithmenos
Elyvilon
Fedhas
Gozag
Hepliaklqana
Kikubaaqudgha
Makhleb
Nemelex Xobeh
Okawaru
Qazlal
Ru
Sif Muna
Trog
Uskayaw
Vehumet
Wu Jian
Xom
Yredelemnul
Zin
The Shining One

Shops:
D:4 %

Annotations:
D:12 Nessos


Innate Abilities, Weirdness & Mutations

You are small and have problems with some larger weapons.
You are somewhat resistant to further mutation.


Message History

You see here a ration.
f - 24 rations (gained 1) Nessos shoots an arrow.
The arrow completely misses you.
Nessos shoots an arrow.
The arrow completely misses you.
Nessos shoots an arrow.
The arrow hits you!!
* * * LOW HITPOINT WARNING * * *
The arrow burns you!
* * * LOW HITPOINT WARNING * * *
You see here an arrow.
You feel much better.
Nessos shoots an arrow.
The arrow hits you!
* * * LOW HITPOINT WARNING * * *
The arrow burns you!
* * * LOW HITPOINT WARNING * * *
You fade into invisibility!
Nessos unwields a +2 longbow of flaming.
It stops flaming.
You block Nessos's attack.
You are very lightly contaminated with residual magic.
A red film seems to cover your vision as you go berserk!
You feel yourself moving faster!
You feel mighty! Nessos hits you!
You die...

,
........##.....##....###
,, .......
###...........## .....#
###........... ,, .. *
###.รท....... .,
#######.#.)..... , *
##..(....#....... , *
##..#(#.#.#....... * ,
###...(..c..##...... , ,
.......#(#@#..#......
........(......#.....
##.....#.#.#.##.#.... *
##..........# #.#**
##.......### *##
###.....# #######


You could see Nessos.

Vanquished Creatures
  Sonja (D:10)
  Pikel (D:4)
  A deep elf mage (D:11)
  A troll (D:12)
  Grinder (D:4)
  2 hippogriffs
  Sigmund (D:2)
  2 wyverns
  A human (D:11)
  7 yaks
  Grum (D:10)
  A hungry ghost (D:9)
  3 wargs (D:11)
  Duvessa (D:7)
  A water moccasin (D:12)
  An orc warrior (D:9)
  2 ice beasts
  4 sky beasts
  4 slaves (D:4)
  A black bear (D:10)
  2 phantoms
  2 necrophages
  5 ogres
  3 wolves (D:10)
  A centaur (D:11)
  3 bullfrogs
  Dowan (D:7)
  A water moccasin skeleton (D:9)
  3 scorpions
  A troll zombie (D:9)
  7 wights (D:10)
  A howler monkey (D:8)
  4 crimson imps
  5 bullfrog zombies
  2 centaur zombies
  4 hounds
  A jelly (D:8)
  Crazy Yiuf (D:3)
  8 orc priests
  An iguana (D:8)
  12 orc wizards
  A bullfrog skeleton (D:5)
  3 centaur skeletons
  Jessica (D:2)
  Natasha (thrice) (D:2)
  6 worker ants
  7 ogre zombies (D:9)
  2 hound zombies
  2 worker ant zombies (D:10)
  10 adders
  5 shadow imps
  An ooze (D:2)
  An adder zombie (D:9)
  4 worms (D:3)
  3 dart slugs
  7 leopard geckos
  34 orcs
  A ball python (D:1)
  2 giant cockroaches
  5 goblins
  12 hobgoblins
  3 jackals (D:4)
  9 kobolds
  5 quokkas
  4 bats
  3 frilled lizards
  2 goblin skeletons (D:9)
  4 goblin zombies (D:9)
  2 hobgoblin zombies (D:9)
  4 orc skeletons (D:9)
  13 orc zombies (D:9)
  2 quokka skeletons
  6 rats
272 creatures vanquished.

Notes
Turn   | Place    | Note
-------+----------+-------------------------------------------
     0 | D:1      | Borgoz the Halfling Fighter began the quest for the Orb.
     0 | D:1      | Reached XP level 1. HP: 15/15 MP: 1/1
   152 | D:1      | Reached XP level 2. HP: 19/20 MP: 2/2
   577 | D:1      | Reached skill level 1 in Dodging
   577 | D:1      | Reached XP level 3. HP: 25/25 MP: 3/3
   860 | D:2      | Reached XP level 4. HP: 31/31 MP: 4/4
  1025 | D:2      | Noticed Sigmund
  1035 | D:2      | Killed Sigmund
  1035 | D:2      | Reached XP level 5. HP: 5/36 MP: 5/5
  1035 | D:2      | Reached XP level 6. HP: 6/42 MP: 6/6
  1465 | D:2      | Noticed Jessica
  1465 | D:2      | Noticed Natasha
  1473 | D:2      | Killed Natasha
  1476 | D:2      | Killed Jessica
  1693 | D:2      | Noticed Natasha
  1699 | D:2      | Killed Natasha
  1986 | D:2      | Noticed Natasha
  1992 | D:2      | Killed Natasha
  2142 | D:3      | Reached XP level 7. HP: 47/47 MP: 7/7
  2247 | D:3      | Found a runed translucent door.
  2248 | D:3      | Noticed Crazy Yiuf
  2879 | D:3      | Killed Crazy Yiuf
  3050 | D:4      | Noticed Pikel
  3166 | D:4      | HP: 2/47 [orc wizard/magic dart (7)]
  3171 | D:4      | Reached skill level 5 in Armour
  3185 | D:4      | HP: 2/48 [orc wizard/magic dart (4)]
  3425 | D:5      | Entered Level 5 of the Dungeon
  3432 | D:5      | Reached skill level 5 in Shields
  3454 | D:5      | Got an ancient leather armour
  3463 | D:5      | Reached XP level 8. HP: 36/54 MP: 8/8
  3491 | D:5      | Reached skill level 5 in Short Blades
  3647 | D:5      | Identified the +2 leather armour of Muttered Phrases
                  | {rElec} (You found it on level 5 of the Dungeon)
  3999 | D:4      | Killed Pikel
  4357 | D:4      | Found Pair Xiu's Food Shoppe.
  4463 | D:4      | Noticed Grinder
  4466 | D:4      | Paralysed by Grinder for 7 turns
  4480 | D:4      | Paralysed by Grinder for 6 turns
  4492 | D:4      | Killed Grinder
  4492 | D:4      | Reached skill level 5 in Fighting
  4492 | D:4      | Reached skill level 5 in Dodging
  4492 | D:4      | Reached XP level 9. HP: 39/61 MP: 9/9
  5743 | D:7      | Found a burning altar of Makhleb.
  6121 | D:7      | Found a staircase to the Ecumenical Temple.
  6126 | D:7      | Found a sparkling altar of Nemelex Xobeh.
  6184 | Temple   | Entered the Ecumenical Temple
  6262 | Temple   | Became a worshipper of Ashenzari the Shackled
  6587 | D:7      | Noticed Dowan
  6596 | D:7      | Noticed Duvessa
  6622 | D:7      | Killed Duvessa
  6632 | D:7      | Killed Dowan
  7403 | D:8      | Reached XP level 10. HP: 50/67 MP: 10/10
  9001 | D:9      | Found a staircase to the Orcish Mines.
  9656 | D:10     | Entered Level 10 of the Dungeon
  9768 | D:10     | Reached * piety under Ashenzari
  9914 | D:10     | Noticed Grum
  9936 | D:10     | Killed Grum
  9936 | D:10     | Reached XP level 11. HP: 19/73 MP: 11/11
 10308 | D:10     | Noticed Sonja
 10318 | D:10     | Killed Sonja
 11677 | D:11     | Identified a scroll of acquirement
 11682 | D:11     | Found the cursed +12 Vampire's Tooth {vamp}
 11816 | D:11     | Found a staircase to the Lair.
 12137 | D:11     | Noticed a deep elf mage
 12145 | D:11     | Killed a deep elf mage
 12146 | D:11     | Reached ** piety under Ashenzari
 12511 | D:12     | Noticed Nessos
 12550 | D:12     | Slain by Nessos

Levels and vault maps discovered:
D:1:      evilmike_arrival_plus, layout_rooms
D:2:      layout_rooms, kennysheep_jessica_study, uniq_natasha, uniq_sigmund
D:3:      layout_loops_corners, uniq_crazy_yiuf_cottage, uniq_jessica
D:4:      layout_rooms, serial_glass, glass_columns_a, glass_columns_c,
          serial_shops, kennysheep_mini_moat, uniq_grinder, uniq_pikel
D:5:      layout_basic, first_ration
D:6:      layout_loops_cross, uniq_edmund
D:7:      layout_gridville, lemuel_crystal_altar,
          minmay_temple_entry_gardened_gates, bloody_makhleb, uniq_duvessa
D:8:      layout_rooms
D:9:      minmay_razor_zed, layout_rooms, zombieorc2_lemuel, serial_rivers,
          chequers_serial_rivers_micro_b, chequers_serial_rivers_small_b,
          chequers_serial_rivers_micro_b, chequers_serial_rivers_marsh,
          chequers_serial_rivers_marsh
D:10:     layout_grid_maze, uniq_grum, uniq_sonja
D:11:     layout_loops_corners, erik_lair_orcish_takeover, hangedman_stone_soup,
          hangedman_abyss_or_decor_clamps
D:12:     layout_cave_pods, serial_shops, bzr_entry_customers, serial_glass,
          glass_columns_a, glass_columns_b, minmay_strange_pillars,
          minmay_strange_pillars, feat_on_display, biasface_ghost_orc_armoury,
          uniq_nessos
Temple:   nicolae_temple_the_god_donut

Skill      XL: |  1  2  3  4  5  6  7  8  9 10 11 |
---------------+----------------------------------+-----
Dodging        | 1 2 3 5 6 7 8 |  8.6
Fighting       | 3 4 5 6 7 |  7.7
Short Blades   | 3 4 6 7 8 9 |  9.6
Armour         | 4 5 6 7 8 9 |  9.3
Shields        | 4 5 6 7 8 9 |  9.2

Action                   |  1- 3 |  4- 6 |  7- 9 | 10-12 || total
-------------------------+-------+-------+-------+-------++-------
Melee: Rapier            |    93 |   120 |   590 |   614 ||  1417
       Quick blade       |       |       |       |   140 ||   140
Throw: Throwing net      |       |       |     2 |       ||     2
Evoke: Wand              |       |       |       |     3 ||     3
  Use: Potion            |       |     2 |    16 |     5 ||    23
       Scroll            |       |       |    16 |     5 ||    21
 Stab: Paralysed         |       |       |       |     3 ||     3
  Eat: Chunk             |       |     3 |    18 |    19 ||    40
Armor: Scale mail        |    36 |    38 |   156 |   134 ||   364
       Skin              |       |       |     2 |       ||     2
Dodge: Dodged            |    28 |    39 |   273 |   305 ||   645
Block: Shield            |    52 |    66 |   369 |   401 ||   888

Table legend:
 A = Non-vault XP
 B = Vault XP
 C = Vault XP percentage of total XP
 D = Non-vault monster count
 E = Vault monster count
 F = Vault count percentage of total count
                 A         B        C        D         E       F
            +---------+---------+-------+---------+---------+-------
      Total |    7555 |    5519 |  42.2 |     199 |      69 |  25.7
            +---------+---------+-------+---------+---------+-------
        D:1 |      46 |       0 |   0.0 |      25 |       0 |   0.0
        D:2 |     153 |     301 |  66.3 |      19 |       4 |  17.4
        D:3 |      62 |      41 |  39.8 |      15 |       1 |   6.2
        D:4 |     304 |     883 |  74.4 |      16 |       2 |  11.1
        D:5 |     479 |       0 |   0.0 |      18 |       0 |   0.0
        D:6 |     520 |       0 |   0.0 |      10 |       0 |   0.0
        D:7 |     568 |     228 |  28.6 |      17 |       2 |  10.5
        D:8 |    1109 |       0 |   0.0 |      17 |       0 |   0.0
        D:9 |     875 |    1245 |  58.7 |      24 |      43 |  64.2
       D:10 |     769 |    1364 |  63.9 |      15 |       5 |  25.0
       D:11 |    1121 |    1457 |  56.5 |      13 |      12 |  48.0
       D:12 |    1549 |       0 |   0.0 |      10 |       0 |   0.0
            +---------+---------+-------+---------+---------+-------
